 Dungeon Crawl Stone Soup version 0.25-a0-265-g7af84ae0ac (webtiles) character file.

Game seed: 4748736429155752247, levelgen mode: classic

10950 Borgoz the Cruncher (level 11, -9/69 HPs)
             Began as a Gargoyle Gladiator on Dec 7, 2019.
             Was a Believer of Ashenzari.
             Mangled by Snorg (10 damage)
             ... on level 11 of the Dungeon.
             The game lasted 00:18:50 (12632 turns).

Borgoz the Cruncher (Gargoyle Gladiator)           Turns: 12632, Time: 00:18:51

Health: -9/69      AC: 17    Str: 21    XL:     11   Next: 70%
Magic:  0/20       EV: 15    Int: 14    God:    Ashenzari [**....]
Gold:   414        SH:  0    Dex: 11    Spells: 10/10 levels left

rFire    . . .     SeeInvis .   a - +0 quarterstaff
rCold    . . .     Gourm    .   (shield currently unavailable)
rNeg     + . .     Faith    .   t - +0 leather armour (curse)
rPois    ∞         Spirit   +   c - +1 helmet
rElec    +         Reflect  .   (no cloak)
rCorr    .         Harm     .   I - +0 pair of gloves
MR       .....                  y - +0 pair of boots
Stlth    +.........             j - amulet of guardian spirit
HPRegen  0.21/turn              i - +3 ring of slaying
MPRegen  0.17/turn              p - ring of magical power

@: brilliant
A: negative energy resistance 1, electricity resistance, unbreathing,
petrification resistance, rot immunity, AC +8
a: Curse Item, Scrying, Renounce Religion


You were on level 11 of the Dungeon.
You worshipped Ashenzari.
Ashenzari was pleased with you.
You were not hungry.

You visited 2 branches of the dungeon, and saw 13 of its levels.

You collected 414 gold pieces.

Inventory:

Hand Weapons
 a - a +0 quarterstaff (weapon)
Missiles
 d - 5 throwing nets (quivered)
Armour
 c - a +1 helmet (worn)
 t - a cursed +0 leather armour (worn)
 y - a +0 pair of boots (worn)
 I - a +0 pair of gloves (worn)
Jewellery
 b - an uncursed amulet of regeneration
 i - a +3 ring of slaying (left hand)
 j - an amulet of guardian spirit (around neck)
 m - an uncursed ring of fire
 p - a ring of magical power (right hand)
 r - an uncursed ring of flight
 x - an uncursed ring of protection from fire
 D - the amulet of the Cockatrice {Acrobat rElec rPois Int-3}
   (You found it on level 8 of the Dungeon)

   [amulet of the acrobat]

   It helps you evade while moving and waiting.
   It affects your intelligence (-3).
   It insulates you from electricity.
   It protects you from poison.
 F - a +5 amulet of reflection
Wands
 l - a wand of clouds (5)
 w - a wand of flame (19)
Scrolls
 e - 11 scrolls of remove curse
 g - a scroll of teleportation {unknown}
 h - 2 scrolls of enchant armour
 k - 5 scrolls of fear
 o - 2 scrolls of blinking {unknown}
 q - a scroll of amnesia {unknown}
 v - a scroll of torment {unknown}
 A - a scroll of vulnerability {unknown}
 C - 2 scrolls of noise {unknown}
 E - 3 scrolls of identify {unknown}
 J - a scroll of magic mapping {unknown}
Potions
 n - a potion of brilliance
 s - a potion of agility
 u - a potion of magic {unknown}
 z - a potion of haste {unknown}
 B - 3 potions of heal wounds {unknown}
 H - a potion of degeneration {unknown}
 K - 2 potions of might {unknown}
Comestibles
 f - 23 rations


   Skills:
 + Level 8.5 Fighting
 * Level 11.0 Staves
 - Level 1.7 Throwing
 * Level 9.8 Armour
 * Level 8.0 Dodging


You had 10 spell levels left.
You didn't know any spells.
Your spell library contained the following spells:

 Spells                   Type           Power        Failure   Level  Hunger
 Freeze                   Ice            #...         4%          1    ##.....
 Ozocubu's Armour         Chrm/Ice       #.......     11%         3    ####...
 Hailstorm                Conj/Ice       #.......     30%         4    #####..
 Summon Ice Beast         Ice/Summ       #.......     30%         4    #####..
 Bolt of Magma            Conj/Fire/Erth #.........   58%         5    ######.
 Iskenderun's Battlesphe  Conj/Chrm      #.......     58%         5    ######.
 Iron Shot                Conj/Erth      #.........   97%         6    #######
 Orb of Destruction       Conj           #.........   100%        7    #######
 Spellforged Servitor     Conj/Summ      #.........   100%        7    #######


Dungeon Overview and Level Annotations

Branches:
Dungeon (12/15)            Temple (1/1) D:5            Lair (0/6) D:11
    Orc: D:9-12

Altars:
Ashenzari
Cheibriados
Dithmenos
Elyvilon
Fedhas
Gozag
Hepliaklqana
Kikubaaqudgha
Makhleb
Nemelex Xobeh
Okawaru
Qazlal
Ru
Sif Muna
Trog
Uskayaw
Vehumet
Wu Jian
Xom
Yredelemnul
Zin
The Shining One

Annotations:
D:8 exclusion: orange crystal statue
D:11 exclusion: 2 oklob plants, Snorg


Innate Abilities, Weirdness & Mutations

You are resistant to torment.
Your stone body is resilient. (AC +8)
You are immune to poison.
You resist negative energy. (rN+)
You are resistant to electric shocks. (rElec)
You can survive without breathing.
You are immune to petrification.
You are immune to rotting.


Message History

Snorg is lightly wounded.
Snorg bites you!! Snorg completely misses you. Snorg claws you!
* * * LOW HITPOINT WARNING * * *
You closely miss Snorg.
Snorg is lightly wounded.
Snorg bites you but does no damage. Snorg claws you!
* * * LOW HITPOINT WARNING * * *
Snorg claws you.
You thump Snorg!
Snorg is moderately wounded.
Snorg bites you but does no damage. Snorg closely misses you. x2
You barely miss Snorg.
Snorg is moderately wounded.
Snorg barely misses you. Snorg claws you!
* * * LOW HITPOINT WARNING * * *
Snorg claws you but does no damage.
It was a potion of brilliance.
You feel clever all of a sudden. Snorg misses you. Snorg barely misses you.
Snorg misses you. Snorg bites you!
You die...

######### ........# #########
### ################## #.#
#............(.... #.#
#.################ #.# # #.#
#........ #.# #.#@# #........
###.##########.#T# #........
................[####........
....#######......)...........
##..# #..#.#####.#'######
'...# #..#. #.#.#
##..#######..#.# #.#.#
.............#.#####.#.#
###..####.#..#.........#


You could see Snorg (berserk).

Vanquished Creatures
  A two-headed ogre (D:9)
  Sonja (D:11)
  An unseen horror (D:9)
  Pikel (D:7)
  2 cyclopes (D:11)
  A centaur skeleton (D:11)
  A gargoyle (D:11)
  A troll (D:12)
  Prince Ribbit (D:7)
  3 slime creatures (D:12)
  2 hippogriffs
  A shadow (D:12)
  A vampire (D:9)
  A hungry ghost (D:11)
  2 steam dragons
  Menkaure (D:6)
  A soldier ant (D:12)
  2 sky beasts
  2 orc warriors
  An eye of draining (D:9)
  4 slaves (D:7)
  3 black bears
  The ghost of grouchysmurf the Skirmisher, an amateur HOFi of Gozag (D:3)
  2 phantoms
  4 ogres
  2 necrophages
  6 centaurs
  8 bullfrogs
  2 wyvern skeletons
  5 scorpions
  5 killer bees (D:11)
  11 wights
  4 howler monkeys (D:7)
  6 crimson imps
  3 bullfrog zombies
  A centaur zombie (D:10)
  2 quasits
  A bullfrog skeleton (D:6)
  4 hounds
  2 jellies
  An orc priest (D:12)
  4 orc wizards
  A gnoll shaman (D:9)
  2 iguanas
  8 worker ants
  A killer bee zombie (D:10)
  A hound zombie (D:3)
  A hound skeleton (D:6)
  A mummy (D:8)
  16 gnolls
  13 adders
  3 shadow imps
  2 adder skeletons
  3 worms
  2 dart slugs
  6 leopard geckos
  16 orcs
  5 ball pythons
  4 giant cockroaches
  9 hobgoblins
  15 jackals
  7 quokkas
  6 bats
  6 frilled lizards
  15 goblins
  4 kobolds
  6 rats
261 creatures vanquished.

Vanquished Creatures (others)
  6 plants (D:11)
6 creatures vanquished.

Grand Total: 267 creatures vanquished

Notes
Turn   | Place    | Note
-------+----------+-------------------------------------------
     0 | D:1      | Borgoz the Gargoyle Gladiator began the quest for the Orb.
     0 | D:1      | Reached XP level 1. HP: 12/12 MP: 1/1
   263 | D:1      | Reached XP level 2. HP: 18/18 MP: 2/2
   553 | D:1      | Reached skill level 1 in Armour
   554 | D:1      | Reached XP level 3. HP: 22/22 MP: 3/3
  1092 | D:2      | Reached XP level 4. HP: 27/27 MP: 2/4
  1149 | D:2      | Reached skill level 4 in Staves
  1326 | D:2      | Reached XP level 5. HP: 32/32 MP: 5/5
  2173 | D:3      | Reached XP level 6. HP: 34/37 MP: 4/6
  2212 | D:3      | Found a runed translucent door.
  2218 | D:3      | Noticed grouchysmurf's ghost (amateur HOFi)
  2235 | D:3      | Killed grouchysmurf's ghost
  2235 | D:3      | Reached skill level 5 in Staves
  2699 | D:3      | Found a stormy altar of Qazlal.
  3013 | D:4      | Noticed a phantom
  3039 | D:4      | Reached XP level 7. HP: 28/43 MP: 7/7
  3335 | D:4      | Found a glowing golden altar of the Shining One.
  3336 | D:4      | Found a white marble altar of Elyvilon.
  3419 | D:4      | Found a glowing silver altar of Zin.
  3716 | D:4      | Found an ornate altar of the Wu Jian Council.
  3909 | D:5      | Entered Level 5 of the Dungeon
  4103 | D:5      | Reached skill level 6 in Staves
  4328 | D:5      | Found an iron altar of Okawaru.
  4458 | D:5      | Found a staircase to the Ecumenical Temple.
  4468 | D:5      | Reached XP level 8. HP: 32/48 MP: 8/8
  4513 | Temple   | Entered the Ecumenical Temple
  4883 | Temple   | Became a worshipper of Ashenzari the Shackled
  5051 | D:5      | Found a sparkling altar of Nemelex Xobeh.
  5230 | D:6      | Reached skill level 5 in Fighting
  5260 | D:6      | Found a radiant altar of Vehumet.
  5543 | D:6      | Noticed Menkaure
  5552 | D:6      | Killed Menkaure
  5552 | D:6      | Reached skill level 7 in Staves
  6227 | D:7      | Noticed Pikel
  6307 | D:7      | Killed Pikel
  6307 | D:7      | Reached skill level 5 in Armour
  6307 | D:7      | Reached XP level 9. HP: 9/55 MP: 2/9
  6623 | D:7      | Noticed Prince Ribbit
  6633 | D:7      | Killed Prince Ribbit
  6633 | D:7      | Reached skill level 8 in Staves
  6633 | D:7      | Reached skill level 5 in Dodging
  6880 | D:7      | Found a hide-covered altar of Uskayaw.
  7724 | D:8      | Reached skill level 9 in Staves
  7827 | D:8      | Reached XP level 10. HP: 61/61 MP: 10/10
  7936 | D:8      | Noticed an orange crystal statue
  8048 | D:8      | Found a snail-covered altar of Cheibriados.
  8115 | D:8      | Reached * piety under Ashenzari
  8116 | D:8      | Identified the amulet of the Cockatrice {Acrobat rElec
                  | rPois Int-3}
  8605 | D:9      | Noticed a two-headed ogre
  8625 | D:9      | Killed a two-headed ogre
  9424 | D:9      | Killed an unseen horror
  9817 | D:10     | Entered Level 10 of the Dungeon
  9980 | D:10     | Reached skill level 10 in Staves
 10473 | D:11     | Noticed Sonja
 10473 | D:11     | Noticed Snorg
 10514 | D:11     | Noticed a cyclops
 10531 | D:11     | Noticed a gargoyle
 10541 | D:11     | Killed a cyclops
 10541 | D:11     | Reached XP level 11. HP: 18/68 MP: 5/11
 11022 | D:11     | Killed Sonja
 11233 | D:11     | Found a basalt altar of Yredelemnul.
 11530 | D:11     | Noticed an oklob plant
 11531 | D:11     | Noticed an oklob plant
 11532 | D:11     | Found a staircase to the Lair.
 11538 | D:11     | Noticed a cyclops
 11637 | D:11     | Noticed a cyclops
 11910 | D:12     | Reached ** piety under Ashenzari
 12516 | D:11     | Killed a cyclops
 12516 | D:11     | Reached skill level 11 in Staves
 12631 | D:11     | HP: 1/69 [Snorg (12)]
 12632 | D:11     | Mangled by Snorg

Levels and vault maps discovered:
D:1:      psy_arrival_basics, layout_basic, serial_forest,
          infiniplex_forest_clump_medium, infiniplex_forest_lined_room_2,
          infiniplex_forest_lined_ring, infiniplex_forest_lined_2,
          serial_bayou_pond_d
D:2:      layout_basic, minmay_heptomino_o4
D:3:      layout_rooms, grunt_qazlal_sundering, serial_rivers,
          chequers_serial_rivers_micro_d, chequers_serial_rivers_small_3,
          chequers_serial_rivers_micro_b, chequers_serial_rivers_large_b,
          chequers_serial_rivers_small_b, ebering_ghost_sewer_d
D:4:      minmay_diamond_boxcup, layout_loops_cross,
          nicolae_overflow_hidden_temple, good_gods_temple_1
D:5:      layout_basic, nemelex_altar_shiori, kennysheep_mini_moat,
          minmay_temple_entry_enclosed_plants, first_ration
D:6:      layout_gridville, vehumet_altar_wand_db, uniq_menkaure
D:7:      layout_basic, eat_drink_and_be_merry_uskayaw, st_stairs_9,
          uniq_prince_ribbit1, uniq_pikel
D:8:      minmay_separated_statues, layout_basic, slow_altar_1, grunt_ogre_cave
D:9:      layout_loops_cross
D:10:     layout_stronghold
D:11:     layout_basic, dpeg_oklobed_lair, basic_altar, uniq_sonja, uniq_snorg
D:12:     layout_roguey, zombieorc2_lemuel
Temple:   minmay_temple_forest_path

Skill      XL: |  1  2  3  4  5  6  7  8  9 10 11 |
---------------+----------------------------------+-----
Armour         | 1 2 3 5 6 8 9 |  9.8
Staves         | 4 5 6 7 9 10 11 | 11.0
Fighting       | 3 4 6 7 8 |  8.5
Dodging        | 3 4 5 7 8 |  8.0
Throwing       | |  1.7

Action                   |  1- 3 |  4- 6 |  7- 9 | 10-12 || total
-------------------------+-------+-------+-------+-------++-------
Melee: Quarterstaff      |    94 |   149 |   432 |   499 ||  1174
  Use: Potion            |       |       |     1 |     3 ||     4
       Scroll            |       |       |       |     2 ||     2
 Stab: Sleeping          |       |     1 |       |       ||     1
  Eat: Chunk             |     1 |     6 |    16 |    11 ||    34
       Ration            |       |       |       |     2 ||     2
Armor: Leather armour    |    37 |    60 |   138 |   210 ||   445
       Skin              |       |       |    35 |    11 ||    46
Dodge: Dodged            |    74 |    99 |   265 |   354 ||   792

Table legend:
 A = Non-vault XP
 B = Vault XP
 C = Vault XP percentage of total XP
 D = Non-vault monster count
 E = Vault monster count
 F = Vault count percentage of total count
                 A         B        C        D         E       F
            +---------+---------+-------+---------+---------+-------
      Total |   13249 |    2395 |  15.3 |     244 |      13 |   5.1
            +---------+---------+-------+---------+---------+-------
        D:1 |      39 |       0 |   0.0 |      23 |       0 |   0.0
        D:2 |     272 |       2 |   0.7 |      37 |       1 |   2.6
        D:3 |     127 |     150 |  54.2 |      20 |       3 |  13.0
        D:4 |     289 |       0 |   0.0 |      13 |       0 |   0.0
        D:5 |     423 |       0 |   0.0 |      15 |       0 |   0.0
        D:6 |     365 |     174 |  32.3 |      17 |       2 |  10.5
        D:7 |    1179 |    1106 |  48.4 |      28 |       4 |  12.5
        D:8 |    1048 |     149 |  12.4 |      20 |       2 |   9.1
        D:9 |    2674 |       0 |   0.0 |      18 |       0 |   0.0
       D:10 |     889 |       0 |   0.0 |      11 |       0 |   0.0
       D:11 |    3772 |     814 |  17.7 |      27 |       1 |   3.6
       D:12 |    2172 |       0 |   0.0 |      15 |       0 |   0.0
            +---------+---------+-------+---------+---------+-------
